 Dungeon Crawl Stone Soup version 0.29.1-15-g9cfb28693d (webtiles) character file.

Game seed: 14288118961795727143

1785 promet the Thaumaturge (level 8, 0/44 HPs)
             Began as a Deep Elf Hedge Wizard on Feb 25, 2023.
             Was an Initiate of Qazlal.
             Slain by a sky beast (5 damage)
             ... on level 6 of the Dungeon.
             The game lasted 00:46:11 (9637 turns).

promet the Thaumaturge (Deep Elf Hedge Wizard)      Turns: 9637, Time: 00:46:16

Health: 0/44       AC:  7    Str:  7    XL:     8   Next: 81%
Magic:  22/22      EV: 13    Int: 22    God:    Qazlal [......]
Gold:   251        SH:  0    Dex: 14    Spells: 12/24 levels left

rFire   . . .      SeeInvis .   a - +2 scythe (vorpal)
rCold   + . .      Faith    .   (shield currently unavailable)
rNeg    . . .      Spirit   .   A - +2 robe {rC+}
rPois   .          Reflect  .   f - +0 helmet
rElec   .          Harm     .   H - +0 cloak
rCorr   .          Rampage  .   E - +0 pair of gloves
Will    .....                   (no boots)
Stlth   +.........              (no amulet)
HPRegen 0.14/turn               (no ring)
MPRegen 0.18/turn               (no ring)

@: confused, ambrosia-drunk
A: no striking features
a: Renounce Religion


You were on level 6 of the Dungeon.
You worshipped Qazlal.
Qazlal was noncommittal.
You visited 1 branch of the dungeon, and saw 6 of its levels.

You collected 251 gold pieces.

Inventory:

Hand Weapons
 a - a +2 vorpal scythe (weapon)
 b - a +0 sling
 h - a +0 flail
 m - a +0 dagger
 n - a +0 spear
 t - a +2 short sword of protection
 v - a +0 mace
 x - a +1 dagger of speed
 C - a +1 short sword of draining
 I - a +3 whip
Missiles
 g - 33 stones (quivered)
 l - 2 javelins
Armour
 c - a +0 hat
 f - a +0 helmet (worn)
 j - a +0 leather armour
 q - a +0 cloak
 A - a +2 robe of cold resistance (worn)
 B - a +0 robe
 E - a +0 pair of gloves (worn)
 H - a +0 cloak (worn)
Jewellery
 k - a ring of ice
Scrolls
 o - a scroll of butterflies
Potions
 d - 3 potions of magic
 i - 2 potions of invisibility
 p - a potion of degeneration
 s - a potion of haste
 w - 2 potions of might
 K - a potion of brilliance


   Skills:
 + Level 2.2 Fighting
 + Level 1.6 Short Blades
 * Level 4.0 Polearms
 + Level 2.6 Ranged Weapons
 + Level 0.8 Throwing
 + Level 4.1 Dodging
 + Level 3.9 Stealth
 + Level 8.9 Spellcasting
 + Level 3.6 Conjurations
 + Level 1.3 Hexes
 + Level 4.4 Summonings
 + Level 1.3 Translocations


You had 12 spell levels left.
You knew the following spells:

 Your Spells              Type           Power      Damage    Failure   Level
a - Magic Dart            Conj           100%       1d8       1%          1
b - Blink                 Tloc           30%        N/A       6%          2
c - Call Imp              Summ           29%        N/A       1%          2
d - Slow                  Hex            60%        N/A       3%          1
e - Conjure Flame         Conj/Fire      17%        6-21      10%         3
f - Mephitic Cloud        Conj/Pois/Air  15%        N/A       12%         3

Your spell library contained the following spells:

 Spells                   Type           Power      Damage    Failure   Level
 Ignite Poison            Fire/Tmut/Pois 9%         N/A       21%         3
 Summon Lightning Spire   Summ/Air       19%        N/A       26%         4
 Sticky Flame             Conj/Fire      17%        2d4       32%         4
 Storm Form               Tmut/Air       4%         N/A       100%        7
 Maxwell's Capacitive Co  Air            4%         ∞         100%        8


Dungeon Overview and Level Annotations

Branches:
Dungeon (6/15)
 Temple: D:4-7

Altars:
Qazlal
Sif Muna
Yredelemnul

Annotations:
D:2 Natasha
D:6 Eustachio


Message History

You puncture something! Something hits you. Something shocks you.
A sky beast appears from thin air!
Reactivating autopickup.
The sky beast hits you but does no damage.
You closely miss the sky beast.
The sky beast is severely wounded.
The sky beast hits you. The sky beast shocks you.
You barely miss the sky beast.
The sky beast is severely wounded.
The sky beast hits you. The sky beast shocks you.
* * * LOW HITPOINT WARNING * * *
You hit the sky beast.
The sky beast is severely wounded.
The sky beast hits you but does no damage.
The sky beast completely misses you.
You feel better.
The sky beast flickers out of sight!
Deactivating autopickup; reactivate with Ctrl-A.
Something hits you but does no damage.
You barely miss something. Something hits you. Something shocks you.
* * * LOW HITPOINT WARNING * * *
You closely miss something. Something barely misses you.
Casting: Call Imp (safe; 1% risk of failure)
Confirm with . or Enter, or press ? or * to list all spells.
A beastly little devil appears in a puff of flame.
Something hits you.
* * * LOW HITPOINT WARNING * * *
Something shocks you.
* * * LOW HITPOINT WARNING * * *
You hit something. Something hits you but does no damage.
Your crimson imp closely misses something.
You closely miss something. Something hits you but does no damage.
Your crimson imp closely misses something.
Something hits you but does no damage.
You are confused.
You feel invigorated.
Your crimson imp completely misses something.
Something hits you.
* * * LOW HITPOINT WARNING * * *
Something shocks you.
You die...

#.# #.# #.# #.#
#.# #5# #{#
#@#############
#.?...........#
#############.#
#.###. #.....
#####.


You could see a friendly crimson imp (summoned).

Vanquished Creatures
  Grinder (D:3)
  Sigmund (D:3)
  A black bear (D:6)
  2 phantoms (D:5)
  A kobold brigand (D:4)
  A necrophage (D:5)
  A bullfrog (D:6)
  A howler monkey (D:5)
  2 hounds
  An orc priest (D:5)
  Jessica (D:3)
  Natasha (twice) (D:2)
  A scorpion zombie (D:4)
  An orc wizard (D:5)
  3 gnolls (D:5)
  2 adders
  A shadow imp (D:5)
  2 ufetubi
  A worm (D:5)
  A dart slug (D:1)
  10 orcs
  3 endoplasms
  5 goblins
  8 hobgoblins
  3 kobolds
  2 quokkas (D:1)
  9 ball pythons
  2 frilled lizards
  10 rats
79 creatures vanquished.

Vanquished Creatures (collateral kills)
  Menkaure (D:4)
  A water moccasin (D:5)
  A sky beast (D:6)
  An ogre (D:6)
  A scorpion (D:5)
  A jelly (D:6)
  A gnoll bouda (D:5)
  An iguana (D:6)
  Robin (D:3)
  A howler monkey zombie (D:4)
  3 adders
  A shadow imp (D:6)
  3 orcs
  An endoplasm (D:3)
  5 hobgoblins (D:3)
  4 goblins (D:3)
27 creatures vanquished.

Vanquished Creatures (others)
  A plant (D:1)
1 creature vanquished.

Grand Total: 107 creatures vanquished

Notes
Turn   | Place    | Note
-------+----------+-------------------------------------------
     0 | D:1      | promet the Deep Elf Hedge Wizard began the quest for the
                  | Orb.
     0 | D:1      | Reached XP level 1. HP: 10/10 MP: 7/7
   177 | D:1      | Reached XP level 2. HP: 10/16 MP: 7/9
   498 | D:1      | Found a faded altar of an unknown god.
   912 | D:1      | Learned a level 2 spell: Blink
   915 | D:1      | Learned a level 2 spell: Call Imp
   917 | D:1      | Learned a level 1 spell: Slow
  1679 | D:2      | Reached XP level 3. HP: 20/20 MP: 11/11
  1777 | D:2      | Reached skill level 5 in Spellcasting
  1930 | D:2      | Noticed Natasha
  2525 | D:2      | Killed Natasha
  2750 | D:2      | Noticed Natasha
  2770 | D:2      | Killed Natasha
  2771 | D:2      | Reached XP level 4. HP: 11/24 MP: 8/13
  2942 | D:2      | Noticed Natasha
  3087 | D:3      | Found a shimmering blue altar of Sif Muna.
  3116 | D:3      | Noticed Robin
  3185 | D:3      | Killed Robin
  3190 | D:3      | Reached skill level 1 in Short Blades
  3461 | D:3      | Noticed Jessica
  3472 | D:3      | Killed Jessica
  3513 | D:3      | Noticed Sigmund
  3769 | D:3      | Killed Sigmund
  3770 | D:3      | Reached skill level 6 in Spellcasting
  3770 | D:3      | Reached XP level 5. HP: 28/28 MP: 14/16
  3770 | D:3      | Reached XP level 6. HP: 33/33 MP: 14/17
  3985 | D:3      | Noticed Grinder
  3986 | D:3      | Paralysed by Grinder for 4 turns
  4030 | D:3      | Killed Grinder
  4031 | D:3      | Reached skill level 1 in Fighting
  4031 | D:3      | Reached skill level 1 in Polearms
  4031 | D:3      | Reached skill level 7 in Spellcasting
  4658 | D:4      | Reached XP level 7. HP: 32/38 MP: 14/19
  4962 | D:4      | Noticed Menkaure
  4966 | D:5      | Entered Level 5 of the Dungeon
  4994 | D:5      | Reached skill level 1 in Ranged Weapons
  5925 | D:5      | Reached XP level 8. HP: 38/43 MP: 21/21
  5989 | D:5      | Reached skill level 1 in Hexes
  6530 | D:4      | Learned a level 3 spell: Conjure Flame
  6534 | D:4      | Learned a level 3 spell: Mephitic Cloud
  6583 | D:4      | Killed Menkaure
  6584 | D:4      | Reached skill level 8 in Spellcasting
  6864 | D:4      | Found a stormy altar of Qazlal.
  6867 | D:4      | Noticed an air elemental
  6872 | D:4      | Became a worshipper of Qazlal Stormbringer
  7167 | D:4      | Found a basalt altar of Yredelemnul.
  8876 | D:6      | Noticed Eustachio
  9311 | D:6      | Identified the +3 leather armour "Cisuq" {rElec rF+ rC-}
  9637 | D:6      | Slain by a sky beast

Illustrated notes

Levels and vault maps discovered:
D:1:      noname_arrival_rooms_in_the_neighbourhood, layout_basic,
          shapermc_ecumenical_altar_gd, minmay_tetromino_o2
D:2:      layout_loops_corners, uniq_natasha
D:3:      layout_loops_cross, lemuel_doored_altar, uniq_robin, uniq_jessica,
          uniq_grinder, uniq_sigmund
D:4:      layout_loops_ring, lemuel_zombie_altar_yredelemnul,
          nicolae_qazlal_style_of_elements, st_stairs_12,
          hangedman_abyss_or_decor_passed, uniq_menkaure
D:5:      wander_river, layout_basic
D:6:      layout_loops_ring, st_stairs_4, minmay_fountain_box, uniq_eustachio

Skill      XL: |  1  2  3  4  5  6  7  8 |
---------------+-------------------------+-----
Spellcasting   | 5 6 7 8 |  8.9
Stealth        | 3 |  3.9
Conjurations   | 2 3 |  3.6
Short Blades   | 1 |  1.6
Dodging        | 3 4 |  4.1
Summonings     | 2 3 4 |  4.4
Fighting       | 1 2 |  2.2
Polearms       | 1 2 4 |  4.0
Ranged Weapons | 1 2 |  2.6
Hexes          | 1 |  1.3
Throwing       | |  0.8
Translocations | |  1.3

Action                   |  1- 3 |  4- 6 |  7- 9 || total
-------------------------+-------+-------+-------++-------
Melee: Dagger            |    28 |       |       ||    28
       Short sword       |    11 |     9 |       ||    20
       Halberd           |       |    22 |   181 ||   203
 Fire: Sling             |       |     6 |    24 ||    30
Throw: Stone             |       |     6 |       ||     6
 Cast: Magic Dart        |    50 |    41 |    52 ||   143
       Call Imp          |     3 |    10 |    58 ||    71
       Blink             |       |     2 |     6 ||     8
       Slow              |       |     1 |    12 ||    13
       Conjure Flame     |       |       |     5 ||     5
       Mephitic Cloud    |       |       |     1 ||     1
  Use: Scroll            |     6 |       |    15 ||    21
       Potion            |       |     5 |     7 ||    12
 Stab: Sleeping          |     4 |     1 |     3 ||     8
Armor: Robe              |    11 |     9 |    98 ||   118
Dodge: Dodged            |    20 |    30 |   176 ||   226
